 Dungeon Crawl Stone Soup version 0.32-a0-995-gb4a59205af (webtiles) character file.

Game seed: 4286429280126985510

490 Bediveer the Skirmisher (level 7, -10/46 HPs)
             Began as an Octopode Hunter on Apr 22, 2024.
             Was an Initiate of Gozag.
             Mangled by Prince Ribbit (19 damage)
             ... on level 5 of the Dungeon.
             The game lasted 00:05:26 (3992 turns).

Bediveer the Skirmisher (Octopode Hunter)           Turns: 3992, Time: 00:05:27

Health: -10/46     AC:  1    Str: 10    XL:     7   Next: 14%
Magic:  7/7        EV: 12    Int: 11    God:    Gozag
Gold:   267        SH:  0    Dex: 16    Spells: 6/6 levels left

rFire   . . .        a - +0 shortbow
rCold   . . .        (shield currently unavailable)
rNeg    . . .        (helmet restricted)
rPois   .            (no amulet)
rElec   .            (no ring)
rCorr   .            (no ring)
SInv    .            (no ring)
Will    +....        (no ring)
Stlth   +++          (no ring)
HPRegen 0.27/turn    (no ring)
MPRegen 0.10/turn    (no ring)
                     (no ring)

%: no passive effects
@: enlightened, flying
A: almost no armour, amphibious, 8 rings, camouflage 1, gelatinous body 1,
(nimble swimmer 1), tentacles, clumsy 1
a: Renounce Religion, Potion Petition, Call Merchant, Bribe Branch


You were on level 5 of the Dungeon.
You worshipped Gozag.
Gozag was aware of your devotion.
You visited 1 branch of the dungeon, and saw 5 of its levels.

You collected 287 gold pieces.
You paid 20 gold pieces to Gozag.

Inventory:

Hand Weapons
 a - a +0 shortbow (weapon)
Wands
 i - a wand of quicksilver (2)
 j - a wand of charming (8)
Scrolls
 b - a scroll of butterflies
 d - a scroll of fog
 f - a scroll of teleportation
 h - 3 scrolls of identify
Potions
 c - a potion of degeneration {unknown}
 g - 2 potions of mutation


   Skills:
 - Level 3.0 Fighting
 * Level 8.0 Ranged Weapons
 - Level 2.0 Dodging
 - Level 1.3 Stealth


You had 6 spell levels left.
You didn't know any spells.
Your spell library contained the following spells:

 Spells                   Type           Power      Damage    Failure   Level
 Sigil of Binding         Hex            0%         N/A       71%         3
 Anguish                  Hex/Necr       0%         N/A       98%         4
 Cause Fear               Hex            0%         N/A       98%         4
 Enfeeble                 Hex            0%         N/A       100%        7


Dungeon Overview and Level Annotations

Branches:
Dungeon (5/15)
 Temple: D:4-7

Altars:
Gozag
Kikubaaqudgha
Okawaru
Ru
Uskayaw
Vehumet

Shops:
D:2 :

Annotations:
D:5 Prince Ribbit


Innate Abilities, Weirdness & Mutations

You cannot wear most types of armour.
You are amphibious.
You can wear up to eight rings at the same time.
Your skin changes colour to match your surroundings (Stealth+).
Your rubbery body absorbs attacks. (AC +1, EV +1)
((You are camouflaged when in or above water. (Stealth+)))
You have tentacles for arms and can constrict up to eight enemies at once.
You are clumsy. (Dex -2)


Message History

You are too injured to fight recklessly!
You are too injured to fight recklessly!
You are too injured to fight recklessly!
You are too injured to fight recklessly!
You are too injured to fight recklessly!
You are too injured to fight recklessly!
You are too injured to fight recklessly!
You are too injured to fight recklessly!
You are too injured to fight recklessly!
You are too injured to fight recklessly!
You are too injured to fight recklessly!
You are too injured to fight recklessly!
You are too injured to fight recklessly!
You are too injured to fight recklessly!
You are too injured to fight recklessly!
You are too injured to fight recklessly!
You are too injured to fight recklessly!
You are too injured to fight recklessly!
You are too injured to fight recklessly!
You are too injured to fight recklessly!
You are too injured to fight recklessly!
You are too injured to fight recklessly!
You shoot an arrow. The arrow hits Prince Ribbit.
Prince Ribbit is severely wounded.
Prince Ribbit blinks!
Fire: a) +0 shortbow
Press: ? - help, Shift-Dir - straight line, f/p - Prince Ribbit
Aim: Prince Ribbit (severely wounded, 46% to hit)
You shoot an arrow. The arrow barely misses Prince Ribbit.
You shoot an arrow.
The arrow hits Prince Ribbit but does no damage.
Prince Ribbit is severely wounded.
Prince Ribbit hits you!
* * * LOW HITPOINT WARNING * * *
Prince Ribbit hits you but does no damage.
It was a potion of enlightenment.
You feel very buoyant.
You fly up into the air.
Prince Ribbit hits you!!
You die...
Your body crumbles into a pile of gold.

#.......#.#
#.......#.#
#.......#.#
#####.###.#
#<# #.# ###
#.# #.#
##########.#
.......@F.[#
############


You could see Prince Ribbit.

Vanquished Creatures
  Menkaure (D:4)
  2 scorpions (D:4)
  A hound (D:4)
  Ijyb (D:4)
  2 iguanas (D:4)
  4 adders
  2 dart slugs
  4 ribbon worms
  8 orcs
  7 ball pythons
  4 endoplasms
  4 giant cockroaches
  5 goblins
  10 hobgoblins
  9 jackals
  7 kobolds
  A quokka (D:2)
  2 bats
  7 frilled lizards
  8 rats
89 creatures vanquished.

Notes
Turn   | Place    | Note
-------+----------+-------------------------------------------
     0 | D:1      | Bediveer the Octopode Hunter began the quest for the Orb.
     0 | D:1      | Reached XP level 1. HP: 14/14 MP: 1/1
    28 | D:1      | You fall into a shaft and drop 1 floor!
    45 | D:2      | Reached XP level 2. HP: 16/19 MP: 2/2
   246 | D:1      | Reached XP level 3. HP: 25/25 MP: 3/3
   895 | D:2      | Found Zeplirr's Book Emporium.
   940 | D:2      | Reached skill level 5 in Ranged Weapons
  1007 | D:2      | Reached XP level 4. HP: 30/30 MP: 4/4
  1102 | D:2      | Identified the -2 pair of boots of the Depths {+Inv rElec
                  | Regen+ Slay+2}
  1350 | D:3      | Noticed a +0 short sword
  1350 | D:3      | Noticed a +0 dagger
  1350 | D:3      | Noticed a +0 dagger
  1350 | D:3      | Noticed a +0 short sword
  1351 | D:3      | Noticed a +0 spear
  1352 | D:3      | Noticed a +0 spear
  1353 | D:3      | Noticed a +0 falchion
  1353 | D:3      | Noticed a +0 falchion
  1354 | D:3      | Found a hide-covered altar of Uskayaw.
  1510 | D:3      | Found a radiant altar of Vehumet.
  1510 | D:3      | Found an iron altar of Okawaru.
  1512 | D:3      | Found an ancient bone altar of Kikubaaqudgha.
  1969 | D:3      | Found a sacrificial altar of Ru.
  1989 | D:3      | Reached XP level 5. HP: 25/36 MP: 5/5
  2030 | D:3      | Found an opulent altar of Gozag.
  2044 | D:3      | Became a worshipper of Gozag Ym Sagoz the Greedy
  2379 | D:4      | Gained mutation: You are clumsy. (Dex -2) [potion of
                  | mutation]
  2643 | D:4      | Reached skill level 6 in Ranged Weapons
  2960 | D:4      | Reached XP level 6. HP: 28/42 MP: 6/6
  3218 | D:4      | Noticed Menkaure
  3226 | D:4      | Killed Menkaure
  3227 | D:4      | Reached skill level 7 in Ranged Weapons
  3360 | D:4      | Reached XP level 7. HP: 37/46 MP: 7/7
  3522 | D:4      | Noticed Ijyb
  3538 | D:4      | Killed Ijyb
  3539 | D:4      | Reached skill level 8 in Ranged Weapons
  3921 | D:5      | Entered Level 5 of the Dungeon
  3972 | D:5      | Noticed Prince Ribbit
  3992 | D:5      | Mangled by Prince Ribbit

Illustrated notes

Levels and vault maps discovered:
D:1:      beargit_arrival_greenhouse, layout_loops_ring
D:2:      layout_rooms, serial_shops, nicolae_shop_tiny_statue_garden
D:3:      layout_loops_ring, nicolae_uskayaw_en_pointe,
          mainiacjoe_overflow_surrounded_room, nicolae_overflow_quartered_altars
D:4:      layout_loops_corners, uniq_ijyb, uniq_menkaure
D:5:      corexii_shantytown, layout_basic, uniq_grinder, uniq_duvessa,
          uniq_prince_ribbit1

Skill      XL: |  1  2  3  4  5  6  7 |
---------------+----------------------+-----
Ranged Weapons | 5 6 7 8 |  8.0
Fighting       | 3 |  3.0
Dodging        | |  2.0
Stealth        | |  1.3

Action                     |  1- 3 |  4- 6 |  7- 9 || total
---------------------------+-------+-------+-------++-------
   Fire: Shortbow          |   105 |   187 |    68 ||   360
    Use: Scroll            |     4 |     3 |       ||     7
         Potion            |       |     3 |     1 ||     4
 Armour: Skin              |    26 |    51 |    24 ||   101
  Dodge: Dodged            |    30 |    45 |    22 ||    97

Table legend: (Time is in decaauts)
 A = Elapsed time spent in this place.
 B = Non-inter-level travel time spent in this place.
 C = Inter-level travel time spent in this place.
 D = Time resting spent in this place.
 E = Time spent auto-exploring this place.
 F = Levels seen in this place.
 G = Mean time per level.
                   A        B        C        D        E       F      G
               +--------+--------+--------+--------+--------+-----+--------+
         Total |   4029 |   3893 |    136 |    172 |   3156 |   5 |  805.8 |
       Dungeon |   4029 |   3893 |    136 |    172 |   3156 |   5 |  805.8 |
               +--------+--------+--------+--------+--------+-----+--------+

Top non-repeatable levels by time:
     D:4: 1440 daAuts
     D:3: 1202 daAuts
     D:1: 817 daAuts
     D:2: 498 daAuts
     D:5: 70 daAuts
